 Dungeon Crawl Stone Soup version 0.27-a0-1324-ge0d8e047f6 (webtiles) character file.

Game seed: 8470682689220042730

43 night the Cutter (level 3, -4/26 HPs)
             Began as an Octopode Berserker on June 23, 2021.
             Was a Follower of Trog.
             Slain by a hobgoblin (15 damage)
             ... led by Robin
             ... on level 2 of the Dungeon.
             The game lasted 00:02:30 (1620 turns).

night the Cutter (Octopode Berserker)               Turns: 1620, Time: 00:02:30

Health: -4/26      AC:  1    Str: 17    XL:     3   Next: 58%
Magic:  3/3        EV:  9    Int:  9    God:    Trog [*.....]
Gold:   58         SH: 11    Dex: 11    Spells: 2/2 levels left

rFire    . . .     SeeInvis .   a - +0 short sword
rCold    . . .     Faith    .   c - +0 tower shield
rNeg     . . .     Spirit   .   (helmet restricted)
rPois    .         Reflect  .   (no amulet)
rElec    .         Harm     .   (no ring)
rCorr    .         Rampage  .   (no ring)
Will     .....                  (no ring)
Stlth    ++........             (no ring)
HPRegen  0.08/turn              (no ring)
MPRegen  0.08/turn              (no ring)
                                (no ring)
                                (no ring)

@: no status effects
A: almost no armour, amphibious, 8 rings, camouflage 1, gelatinous body 1,
(nimble swimmer 1), tentacles
a: Renounce Religion, Berserk


You were on level 2 of the Dungeon.
You worshipped Trog.
Trog was aware of your devotion.
You visited 1 branch of the dungeon, and saw 2 of its levels.

You collected 58 gold pieces.

Inventory:

Hand Weapons
 a - a +0 short sword (weapon)
Missiles
 f - 46 stones
 g - 40 sling bullets
 l - a throwing net
Armour
 c - a +0 tower shield (worn)
Jewellery
 j - an amulet of guardian spirit
 m - a ring of protection from fire
Scrolls
 d - 2 scrolls of brand weapon {unknown}
 e - 2 scrolls of teleportation {unknown}
 h - 3 scrolls of enchant weapon {unknown}
 i - 2 scrolls of fog {unknown}
Potions
 b - a potion of heal wounds {unknown}
 k - a potion of ambrosia {unknown}


   Skills:
 + Level 3.3 Fighting
 * Level 3.6 Short Blades
 + Level 3.3 Dodging
 + Level 1.0 Shields


You had 2 spell levels left.
You didn't know any spells.
Your spell library was empty.

Dungeon Overview and Level Annotations

Branches:
Dungeon (2/15)

Altars:

Shops:
D:1 !

Annotations:
D:2 Robin


Innate Abilities, Weirdness & Mutations

You cannot wear most types of armour.
You are amphibious.
You can wear up to eight rings at the same time.
Your skin changes colour to match your surroundings (Stealth+).
Your rubbery body absorbs attacks. (AC +1, EV +1)
((You are camouflaged near water. (Stealth+)))
You have tentacles for arms and can constrict up to eight enemies at once.


Message History

The goblin hits you with a +0 dagger. The goblin hits you with a +0 club.
You block the goblin's attack.
You release your grip on the goblin.
A goblin comes into view. It is wielding a +0 club.
Robin of the Strong Arm comes into view.
They are wielding a +0 spear.
You closely miss the goblin. Your grab misses the goblin.
The goblin closely misses you. You block the goblin's attack.
You hit the goblin. Your grab misses the goblin.
Your squeeze misses the goblin.
The goblin is severely wounded.
You block the goblin's attack.
You barely miss the goblin.
Robin shouts!
Your grab misses the goblin.
The goblin is severely wounded.
You hear a shout! x2
A goblin comes into view. It is wielding a +0 dagger.
The goblin hits you with a +0 club.
Robin roars a battlecry!
The goblins go into a battle-frenzy!
You hit the goblin.
You kill the goblin!
Trog accepts your kill. Robin throws the goblin at you!
The goblin hits you with a +0 dagger.
You closely miss the goblin. You grab the goblin. You squeeze the goblin.
The goblin is severely wounded.
You constrict the goblin.
You kill the goblin!
Trog accepts your kill.
A goblin comes into view. It is wielding a +0 club.
You hit the goblin. You grab the goblin.
The goblin is severely wounded.
You constrict the goblin.
You kill the goblin!
Trog accepts your kill.
A goblin comes into view. It is wielding a +0 dagger.
You hit the hobgoblin but do no damage. Your grab misses the hobgoblin.
The hobgoblin hits you with a +0 mace!
Ouch! That really hurt!
You die...

#.##...........#
#.##.###.#......
#.##.###.#......
#........# .....
#.##.##### ###.#
#.###.##.# #
#........#
#####.#### #@#
#g#######
#gg.....#
#w#...#.#
.w.....ggg.....
.######.<...#g#
#.##g## # #.# .#
#..


g You could see Robin, a dart slug, a hobgoblin (strong) and 5 goblins.

Vanquished Creatures
  A dart slug (D:1)
  A ball python (D:1)
  7 endoplasms
  3 giant cockroaches (D:1)
  4 goblins (D:2)
  A hobgoblin (D:1)
  5 jackals (D:1)
  2 quokkas (D:1)
  3 bats
  2 frilled lizards (D:1)
  2 kobolds (D:1)
  3 rats (D:1)
34 creatures vanquished.

Notes
Turn   | Place    | Note
-------+----------+-------------------------------------------
     0 | D:1      | night the Octopode Berserker began the quest for the Orb.
     0 | D:1      | Reached XP level 1. HP: 16/16 MP: 1/1
   316 | D:1      | Reached XP level 2. HP: 20/21 MP: 2/2
   532 | D:1      | Found Haehair's Distillery.
   728 | D:1      | Reached ** piety under Trog
   793 | D:1      | Reached XP level 3. HP: 24/26 MP: 3/3
   998 | D:1      | Reached skill level 1 in Shields
  1138 | D:1      | Found a faded altar of an unknown god.
  1611 | D:2      | Noticed Robin
  1620 | D:2      | Slain by a hobgoblin

Illustrated notes

Levels and vault maps discovered:
D:1:      nzn_arrival_water_spiral, layout_loops_ring,
          ebering_ecumenical_altar_hall, serial_shops, shop, minmay_pentomino_q4
D:2:      layout_loops_corners, uniq_robin

Skill      XL: |  1  2  3 |
---------------+----------+-----
Shields        | 1 |  1.0
Fighting       | |  3.3
Short Blades   | |  3.6
Dodging        | |  3.3

Action                   || total
-------------------------++-------
Melee: Short sword       ||    69
       Constrict         ||    21
       Tentacles         ||    16
Invok: Berserk           ||     2
 Stab: Sleeping          ||     5
Armor: Skin              ||     7
Dodge: Dodged            ||    18
Block: Tower shield      ||    38

Table legend: (Time is in decaauts)
 A = Elapsed time spent in this place.
 B = Non-inter-level travel time spent in this place.
 C = Inter-level travel time spent in this place.
 D = Time resting spent in this place.
 E = Time spent auto-exploring this place.
 F = Levels seen in this place.
 G = Mean time per level.
                   A        B        C        D        E       F      G
               +--------+--------+--------+--------+--------+-----+--------+
         Total |   1665 |   1617 |     48 |    301 |   1051 |   2 |  832.5 |
       Dungeon |   1665 |   1617 |     48 |    301 |   1051 |   2 |  832.5 |
               +--------+--------+--------+--------+--------+-----+--------+

Top non-repeatable levels by time:
     D:1: 1430 daAuts
     D:2: 235 daAuts
